Cogmind - Beta 13 @@@ ROGUE MODE // 2024.04.05 @ 14:29:09 Player: Olafz Result: Destroyed by Y-54 Guardian with Flak Gun Performance ------------- Evolutions (4) 2000 Regions Visited (8) 1600 Robots Destroyed (28) 140 Value Destroyed (580) 580 Prototype IDs (6) 120 Alien Tech Used (0) 0 Bonus (221) 221 TOTAL SCORE: 4661 Bonus ------- Follower Combat Kills 221 Cogmind --------- Core Integrity 0/850 Matter 101/300 Energy 52/100 System Corruption 7% Temperature Warm (156) Movement Flying (29) Location -6/Factory Parts ------- > --- POWER (2) -------- (None) > --- PROPULSION (3) --- VTOL Module VTOL Module VTOL Module > --- UTILITY (8) ------ Machine Analyzer > --- WEAPON (2) ------- Force Rifle > --- INVENTORY (5) ---- Light Nuclear Core Light Nuclear Core VTOL Module Trap Scanner Autogun Peak State ------------ > --- POWER ------------ Light Angular Momentum Engine Light Fission Core > --- PROPULSION ------- Aerolev Unit Aerolev Unit Gravmag System > --- UTILITY ---------- Advanced Weight Redist. System Machine Analyzer Triangulator Improved Sensor Array Signal Interpreter Transport Network Coupler Light Armor Plating > --- WEAPON ----------- Light Assault Rifle Light Assault Rifle > --- INVENTORY -------- Light Nuclear Core Light Nuclear Core Hybrid Fission Core [Rating: 42] Favorites ----------- Power Light Ion Engine Engine Light Ion Engine Power Core Light Nuclear Core Propulsion Flight Unit Leg Aluminum Leg Wheel Centrium Wheel Hover Unit Aerolev Unit Flight Unit Flight Unit Utility Machine Analyzer Device Advanced Weight Redist. System Storage Small Storage Unit Processor Machine Analyzer Protection Light Armor Plating Weapon Light Assault Rifle Energy Gun Small Laser Ballistic Gun Light Assault Rifle Build | -11 -10 -9 -8 -7 -7 -6 -6 -6 ------- Run | Yrd Mat Mat Mat Fac Sto Fac Was Fac Slots Evolved 8 | . . 2 2 2 . 2 . . Power 1 | . . . . 1 . . . . Propulsion 1 | . . . 1 . . . . . Utility 6 | . . 2 1 1 . 2 . . Weapon . | . . . . . . . . . Parts Attached 86 | 7 10 14 3 7 10 13 6 16 Power 23 | 2 1 3 . 2 5 4 3 3 Engine 11 | 2 1 3 . 2 1 1 . 1 Core 12 | . . . . . 4 3 3 2 Reactor . | . . . . . . . . . Propulsion 25 | 2 3 3 1 4 3 2 2 5 Treads . | . . . . . . . . . Leg 2 | 2 . . . . . . . . Wheel 3 | . . . . . . . 2 1 Hover 4 | . . . . 1 2 1 . . Flight 16 | . 3 3 1 3 1 1 . 4 Utility 20 | 1 3 2 1 1 2 5 1 4 Device 12 | . 1 1 . 1 1 4 1 3 Storage 1 | 1 . . . . . . . . Processor 6 | . 2 1 1 . 1 . . 1 Hackware . | . . . . . . . . . Protection 1 | . . . . . . 1 . . Artifact . | . . . . . . . . . Weapon 18 | 2 3 6 1 . . 2 . 4 Energy Gun 4 | 1 . . . . . . . 3 Energy Cannon . | . . . . . . . . . Ballistic Gun 14 | 1 3 6 1 . . 2 . 1 Ballistic Cannon . | . . . . . . . . . Launcher . | . . . . . . . . . Special Weapon . | . . . . . . . . . Impact Weapon . | . . . . . . . . . Slashing Weapon . | . . . . . . . . . Piercing Weapon . | . . . . . . . . . Special Melee Weapon . | . . . . . . . . . Unidentified Prototypes 4 | . . 1 . . 1 . . 2 Parts Lost 43 | . . 9 1 . 12 11 3 7 Power 9 | . . 2 . . 4 2 . 1 Propulsion 14 | . . 3 1 . 4 4 1 1 Utility 12 | . . 1 . . 2 3 2 4 Weapon 8 | . . 3 . . 2 2 . 1 Highest Loss Streak 10 | . . 8 1 . 7 10 3 4 To Critical Strikes . | . . . . . . . . . Average Slot Usage (%) 66 | . 77 72 74 79 57 78 39 34 Engine 6 | . 14 10 9 12 1 5 . . Core 2 | . . . . . 4 5 8 2 Leg 1 | . 9 . . . . . . . Hover 3 | . . . . 2 2 14 . . Flight 10 | . 15 19 20 19 7 . . 7 Device 8 | . 2 6 9 7 9 16 8 5 Processor 16 | . 3 15 18 23 24 20 17 14 Protection 1 | . . . . . . 4 . . Energy Gun 1 | . 4 . . . . . . 2 Ballistic Gun 11 | . 22 20 18 15 6 10 . . Naked Turns . | . . . . . . . . . Heaviest Build 23 | 12 12 12 13 13 19 23 14 18 Greatest Support 34 | 20 20 14 18 22 23 34 16 12 Greatest Overweight (x) 2 | . 1 . . . 1 1 2 1 Average Overweight (x) . | . . . . . . . . . Largest Inventory Capacity 8 | 8 8 5 5 5 5 5 5 5 Average Capacity 5 | 6 6 5 5 5 5 5 5 5 Most Carried 5 | 1 5 5 5 5 5 4 3 5 Average Carried 3 | . 3 3 4 4 5 2 2 4 Final Capacity 8 | 8 5 5 5 5 5 5 5 5 Final Carried 5 | 1 5 5 5 5 5 3 3 5 Class Distribution -------------------- 42% | Scavenger-Mutant 24% | Mutant 15% | Scavenger-Scout 10% | Scavenger-Sprinter 5% | Scout Dominant Class ---------------- Mutant | -10/Materials Scavenger-Mutant | -9/Materials Scavenger-Mutant | -8/Materials Scavenger-Mutant | -7/Factory Mutant | -7/Storage Scavenger-Scout | -6/Factory Scavenger-Mutant | -6/Waste Scout | -6/Factory Resources | -11 -10 -9 -8 -7 -7 -6 -6 -6 ----------- Run | Yrd Mat Mat Mat Fac Sto Fac Was Fac Matter Collected 955 | 153 207 194 93 . 221 . . 87 Remotely . | . . . . . . . . . Salvage Created 831 | . 245 208 104 . 67 50 . 157 Parts 65 | . 19 23 7 . 5 3 . 8 Haulers Intercepted 3 | . 2 1 . . . . . . Recyclers Shooed . | . . . . . . . . . Parts Field Recycled . | . . . . . . . . . Retrieved Matter . | . . . . . . . . . Parts Self-Destructed . | . . . . . . . . . Prevented . | . . . . . . . . . Kills | -11 -10 -9 -8 -7 -7 -6 -6 -6 ------- Run | Yrd Mat Mat Mat Fac Sto Fac Was Fac Combat Hostiles Destroyed 21 | . 4 8 2 . 1 2 . 4 Guns 17 | . 4 5 2 . 1 1 . 4 AOE 4 | . . 3 . . . 1 . . Classes Destroyed 8 | . 5 3 . . . . . . Worker 1 | . 1 . . . . . . . Hauler 3 | . 2 1 . . . . . . Recycler 1 | . 1 . . . . . . . Mechanic 1 | . 1 . . . . . . . Watcher 1 | . . 1 . . . . . . Swarmer 15 | . 4 6 . . . 2 . 3 Grunt 2 | . . 1 . . . . . 1 Sentry 4 | . . 1 2 . 1 . . . Best Kill Streak 7 | . 3 7 1 . 1 2 . 3 Combat Bots Only 7 | . 3 7 1 . 1 2 . 3 Max Kills in Single Turn 3 | . 1 3 1 . 1 2 . 1 Gunslinging . | . . . . . . . . . Exploded 3 | . . 3 . . . 1 . . Melee . | . . . . . . . . . Uniques/NPCs Destroyed . | . . . . . . . . . Combat | -11 -10 -9 -8 -7 -7 -6 -6 -6 -------- Run | Yrd Mat Mat Mat Fac Sto Fac Was Fac Hostile Shots Fired 583 | . 35 66 9 36 232 140 4 61 Missed 263 | . 12 21 6 17 111 67 1 28 Damage Taken 4002 | . 181 711 41 140 1189 974 122 644 Core 1735 | . 31 324 . 49 480 333 122 396 Absorbed by Shields . | . . . . . . . . . Regen/Repaired (Parts) 28 | . 14 . . 14 . . . . Core Remaining (%) 66 | 100 87 19 100 . 24 . . . Volleys Fired 123 | . 33 33 9 4 19 11 . 14 Largest 2 | . 2 2 2 2 2 2 . 1 Hottest 80 | . 60 40 43 43 43 40 . 80 Shots Fired 215 | . 66 62 18 8 32 15 . 14 Gun 215 | . 66 62 18 8 32 15 . 14 Cannon . | . . . . . . . . . Launcher . | . . . . . . . . . Special . | . . . . . . . . . Kinetic 187 | . 52 62 18 8 32 15 . . Thermal 28 | . 14 . . . . . . 14 Explosive . | . . . . . . . . . Electromagnetic . | . . . . . . . . . Robot Hit Streak 9 | . 9 8 9 2 4 4 . 6 Robot Miss Streak 8 | . 5 5 2 8 2 2 . 1 Penetration Max . | . . . . . . . . . Secondary Targets . | . . . . . . . . . Shots Hit Robots 122 | . 33 36 12 2 17 11 . 11 Core Hits 56 | . 16 15 4 . 8 8 . 5 Critical Kills 2 | . . . . . . . . 2 Critical Parts Destroyed 1 | . . . . . . . . 1 Critical Strikes 4 | . . . . . . . . 4 Destroy 4 | . . . . . . . . 4 Melee Attacks . | . . . . . . . . . Impact . | . . . . . . . . . Slashing . | . . . . . . . . . Piercing . | . . . . . . . . . Sneak Attacks . | . . . . . . . . . Combat Hostiles . | . . . . . . . . . Follow-up Attacks . | . . . . . . . . . Damage Inflicted 1890 | . 306 671 149 25 288 188 . 263 Guns 1359 | . 306 296 149 25 218 102 . 263 Cannons . | . . . . . . . . . Explosions 446 | . . 375 . . . 71 . . Melee . | . . . . . . . . . Ramming 85 | . . . . . 70 15 . . Kinetic 1012 | . 222 296 149 25 218 102 . . Thermal 347 | . 84 . . . . . . 263 Explosive 375 | . . 375 . . . . . . Electromagnetic 71 | . . . . . . 71 . . Impact . | . . . . . . . . . Slashing . | . . . . . . . . . Piercing . | . . . . . . . . . Highest Corruption 7 | . . . 2 . 2 . 5 7 Average Corruption 4 | . . . 2 . 2 . 5 5 Corruption Purged . | . . . . . . . . . Corruption Blocked . | . . . . . . . . . Effects 11 | . . . 2 . 1 . 2 6 Message Errors 3 | . . . . . . . . 3 Heat Flow Errors 2 | . . . . . . . 1 1 Energy Discharges 3 | . . . 1 . 1 . . 1 Parts Rejected 1 | . . . . . . . 1 . Data Loss (minor) 2 | . . . 1 . . . . 1 Overload Shots . | . . . . . . . . . Overflow Damage 156 | . . 155 . . . 1 . . Projectiles . | . . . . . . . . . Explosions 156 | . . 155 . . . 1 . . Melee . | . . . . . . . . . Knockbacks 1 | . . . . . 1 . . . Impact 1 | . . . . . 1 . . . Kinetic . | . . . . . . . . . Secondary . | . . . . . . . . . Self-Inflicted Damage 268 | . . 205 . . 31 32 . . Shots 3 | . . 2 . . . 1 . . Rammed 18 | . . . . . 17 1 . . Targets Rammed 18 | . . . . . 17 1 . . Kicked . | . . . . . . . . . Crushed . | . . . . . . . . . Highest Temperature 150 | . 80 17 . 5 5 16 94 150 Average Temperature 25 | . 23 6 . 3 1 5 57 59 Received Heat Transfer 624 | . . 147 9 36 324 84 . 24 Siege Activations . | . . . . . . . . . Robots Corrupted . | . . . . . . . . . Combat Hostiles . | . . . . . . . . . Parts Fried . | . . . . . . . . . Impact Corruptions . | . . . . . . . . . Robots Melted . | . . . . . . . . . Combat Hostiles . | . . . . . . . . . Parts Melted . | . . . . . . . . . Heat Transferred 607 | . 200 . . . . . . 407 Parts Sabotaged . | . . . . . . . . . Parts Stolen . | . . . . . . . . . Parts Stripped . | . . . . . . . . . Power Chain Reactions . | . . . . . . . . . Alert | -11 -10 -9 -8 -7 -7 -6 -6 -6 ------- Run | Yrd Mat Mat Mat Fac Sto Fac Was Fac Peak Influence 417 | . 153 370 417 250 243 125 15 165 Initial 189 | . . 64 157 189 113 65 12 10 Average 121 | . 78 261 271 205 144 63 10 74 Maximum Alert Level 2 | . . 1 2 1 1 . . . Low Security (%) 79 | 100 100 20 26 44 95 100 100 100 Level 1 19 | . . 79 65 55 4 . . . Level 2 . | . . . 7 . . . . . Level 3 . | . . . . . . . . . Level 4 . | . . . . . . . . . Level 5 . | . . . . . . . . . High Security . | . . . . . . . . . Max Security . | . . . . . . . . . Squads Dispatched 15 | . . 1 2 . 7 2 . 3 Investigation 4 | . . . . . 2 1 . 1 Extermination 1 | . . . . . . 1 . . Reinforcement 8 | . . 1 1 . 4 . . 2 Assault . | . . . . . . . . . Garrison 2 | . . . 1 . 1 . . . Intercept . | . . . . . . . . . Searches Triggered . | . . . . . . . . . Construction Impeded 1 | . . . . . 1 . . . Haulers Reinforced 1 | . . . . . 1 . . . Active Scanning Responses . | . . . . . . . . . Cargo Convoy Interrupts . | . . . . . . . . . Stealth | -11 -10 -9 -8 -7 -7 -6 -6 -6 --------- Run | Yrd Mat Mat Mat Fac Sto Fac Was Fac Distress Signals 4 | . . 2 . . 1 . . 1 Communications Jammed . | . . . . . . . . . Distress Signals . | . . . . . . . . . Times Spotted 90 | . 10 13 11 2 24 9 3 18 Peak Tracking Total 13 | . 3 5 5 2 13 7 3 6 Tactical Retreats 6 | . . 2 2 . . . . 2 Traps | -11 -10 -9 -8 -7 -7 -6 -6 -6 ------- Run | Yrd Mat Mat Mat Fac Sto Fac Was Fac Traps Triggered 5 | . . . 1 . 1 2 . 1 Indirectly . | . . . . . . . . . Trap Hack Attempts . | . . . . . . . . . Triggered . | . . . . . . . . . Disarmed . | . . . . . . . . . Reprogrammed . | . . . . . . . . . Reused . | . . . . . . . . . Traps Extracted . | . . . . . . . . . Installed . | . . . . . . . . . Triggered . | . . . . . . . . . Machines | -11 -10 -9 -8 -7 -7 -6 -6 -6 ---------- Run | Yrd Mat Mat Mat Fac Sto Fac Was Fac Machines Disabled 3 | . . 2 . . . 1 . . Max in Single Turn 2 | . . 2 . . . 1 . . Machines Repaired . | . . . . . . . . . Machines Dismantled . | . . . . . . . . . Machines Sabotaged . | . . . . . . . . . Overloaded Fab Kills . | . . . . . . . . . Hacking | -11 -10 -9 -8 -7 -7 -6 -6 -6 --------- Run | Yrd Mat Mat Mat Fac Sto Fac Was Fac Machines Accessed 15 | . 3 . . 2 2 5 . 3 Terminals 9 | . 2 . . 1 2 2 . 2 Fabricators 1 | . . . . . . 1 . . Repair Stations 2 | . 1 . . 1 . . . . Recycling Units 1 | . . . . . . 1 . . Scanalyzers 2 | . . . . . . 1 . 1 Garrison Access . | . . . . . . . . . Total Hacks 39 | . 9 . . 4 6 10 . 10 Successful 15 | . 5 . . 4 2 1 . 3 Failed 24 | . 4 . . . 4 9 . 7 Catastrophic 3 | . 2 . . . . 1 . . Database Lockouts . | . . . . . . . . . Manual 13 | . 4 . . 1 4 . . 4 Terminals 25 | . 6 . . 2 6 4 . 7 Fabricators 3 | . . . . . . 3 . . Repair Stations 5 | . 3 . . 2 . . . . Recycling Units 1 | . . . . . . 1 . . Scanalyzers 5 | . . . . . . 2 . 3 Garrison Access . | . . . . . . . . . Terminal Hacks 8 | . 3 . . 2 2 . . 1 Record 1 | . . . . . . . . 1 Prototype ID Bank 1 | . . . . 1 . . . . Open Door 1 | . . . . . 1 . . . Level Access Points 1 | . 1 . . . . . . . Branch Access Points 2 | . 1 . . 1 . . . . Patrol Status 1 | . 1 . . . . . . . Protovariant Controls 1 | . . . . . 1 . . . Fabricator Hacks . | . . . . . . . . . Repair Station Hacks 4 | . 2 . . 2 . . . . Scan Component 2 | . 1 . . 1 . . . . Repair 2 | . 1 . . 1 . . . . Recycling Unit Hacks 1 | . . . . . . 1 . . Retrieve Components 1 | . . . . . . 1 . . Scanalyzer 2 | . . . . . . . . 2 Insert Component 1 | . . . . . . . . 1 Analyze 1 | . . . . . . . . 1 Garrison Access Hacks . | . . . . . . . . . Unauthorized Hacks . | . . . . . . . . . Terminals . | . . . . . . . . . Fabricators . | . . . . . . . . . Repair Stations . | . . . . . . . . . Recycling Units . | . . . . . . . . . Scanalyzers . | . . . . . . . . . Garrison Access . | . . . . . . . . . Data Cores Recovered . | . . . . . . . . . Used . | . . . . . . . . . Hacking Detections 15 | . 3 . . 2 2 5 . 3 Full Trace Events 5 | . 2 . . . 1 1 . 1 Feedback Events 1 | . . . . . . . . 1 Corruption 1 | . . . . . . . . 1 Feedback Blocked . | . . . . . . . . . Robot Schematics Acquired . | . . . . . . . . . Robots Built . | . . . . . . . . . Authchips . | . . . . . . . . . Time . | . . . . . . . . . Total Robot Build Rating . | . . . . . . . . . Part Schematics Acquired 1 | . . . . . . . . 1 Parts Built . | . . . . . . . . . Authchips . | . . . . . . . . . Time . | . . . . . . . . . Total Part Build Rating . | . . . . . . . . . Parts Repaired 2 | . 1 . . 1 . . . . Time 52 | . 26 . . 26 . . . . Parts Recycled . | . . . . . . . . . Recycled Matter . | . . . . . . . . . Retrieved Matter . | . . . . . . . . . Retrieved Components 3 | . . . . . . 3 . . Parts Scanalyzed 1 | . . . . . . . . 1 Part Schematics Acquired 1 | . . . . . . . . 1 Parts Damaged . | . . . . . . . . . Bothacking | -11 -10 -9 -8 -7 -7 -6 -6 -6 ------------ Run | Yrd Mat Mat Mat Fac Sto Fac Was Fac Used RIF Installer . | . . . . . . . . . Robots Hacked . | . . . . . . . . . Non-combat . | . . . . . . . . . Combat . | . . . . . . . . . Robot Hacks Applied . | . . . . . . . . . Relay Couplers Released . | . . . . . . . . . Fabnet Peak Effective % . | . . . . . . . . . Robots Rewired . | . . . . . . . . . Allies Hacked . | . . . . . . . . . Hacks Repelled . | . . . . . . . . . Allies | -11 -10 -9 -8 -7 -7 -6 -6 -6 -------- Run | Yrd Mat Mat Mat Fac Sto Fac Was Fac Total Allies 10 | . . . . . 10 . . . Largest Group 10 | . . . . . 10 . . . Highest-Rated Group 173 | . . . . . 173 . . . Highest-Rated Ally 29 | . . . . . 29 . . . Total Orders . | . . . . . . . . . Ally Attacks 45 | . . . . . 45 . . . Total Damage 598 | . . . . . 598 . . . Kills 7 | . . . . . 7 . . . Allies Corrupted . | . . . . . . . . . Allies Melted . | . . . . . . . . . Intel | -11 -10 -9 -8 -7 -7 -6 -6 -6 ------- Run | Yrd Mat Mat Mat Fac Sto Fac Was Fac Robot Analysis Total . | . . . . . . . . . Derelict Logs Recovered . | . . . . . . . . . Drone Launches 2 | . . . . . 2 . . . Drone Recoveries . | . . . . . . . . . Exploration | -11 -10 -9 -8 -7 -7 -6 -6 -6 ------------- Run | Yrd Mat Mat Mat Fac Sto Fac Was Fac Turns Passed 1663 | 63 227 190 78 211 195 370 86 243 Spaces Moved 2370 | 46 156 231 126 463 221 612 102 413 Core 393 | 3 6 1 . . 59 45 50 229 Treads . | . . . . . . . . . Legs 75 | 43 32 . . . . . . . Wheels 52 | . . . . . . . 52 . Hover 597 | . . . . . 30 567 . . Flight 1253 | . 118 230 126 463 132 . . 184 Fastest Speed 29 | 50 37 37 34 32 30 45 50 29 Average Speed 45 | 115 56 37 36 34 40 48 75 44 Slowest Speed 150 | 120 120 50 37 37 110 100 150 115 Overloaded Moves . | . . . . . . . . . Propulsion Burnouts . | . . . . . . . . . Robots Hopped 3 | . 1 . . 2 . . . . Cave-ins Triggered . | . . . . . . . . . Exploration Rate (%) 28 | 4 29 32 21 12 55 19 72 13 Regions Visited 8 Branch Regions 1 Pre-discovered Areas . | . . . . . . . . . Known Exits Taken 4 | . 1 1 1 1 . . . . Unknown Exits Taken 2 | 1 . . . . 1 . . . Scrap Searched . | . . . . . . . . . Spaces Dug . | . . . . . . . . . Terrain Destroyed 46 | . . 46 . . . . . . Melee . | . . . . . . . . . Projectile . | . . . . . . . . . AOE 46 | . . 46 . . . . . . Terrain Rammed . | . . . . . . . . . Walls Destroyed . | . . . . . . . . . Machines Disabled . | . . . . . . . . . Actions | -11 -10 -9 -8 -7 -7 -6 -6 -6 --------- Run | Yrd Mat Mat Mat Fac Sto Fac Was Fac Total 2741 | 52 238 280 139 505 291 673 108 455 Wait 108 | . 26 . . 26 20 32 . 4 Move 2358 | 45 153 230 125 458 221 612 101 413 Hop 3 | . 1 . . 2 . . . . Pick Up 11 | . 4 . 1 2 . 3 . 1 Fast Attach 57 | 6 7 8 1 5 8 4 5 13 Attach 15 | . . 3 1 1 . 7 1 2 Detach 10 | . 5 . . 1 . 1 1 2 Swap 16 | 1 3 4 1 1 2 2 . 2 Drop 19 | . 6 2 1 5 1 . . 4 Fire 123 | . 33 33 9 4 19 11 . 14 Melee . | . . . . . . . . . Ram 17 | . . . . . 16 1 . . Kick . | . . . . . . . . . Crush . | . . . . . . . . . Escape Stasis . | . . . . . . . . . Rewire 4 | . . . . . 4 . . . Trap . | . . . . . . . . . Miscellaneous . | . . . . . . . . . Route ------- -11/Scrapyard -10/Materials (discovered 4 exits: *Mat x3 / Min) -9/Materials -8/Materials -7/Factory (discovered 3 exits: *Sto / Low x2) -7/Storage -6/Factory -6/Waste -6/Factory History --------- Turn | Location | Event 6 | -11/Scrapyard | Discovered new exit (range 16) 64 | -11/Scrapyard | Entered Materials 179 | -10/Materials | Identified exit to Mines 185 | -10/Materials | Identified exit to Materials 221 | -10/Materials | Repaired Flight Unit 291 | -10/Materials | Entered another Materials area 291 | -9/Materials | Evolved 2 slots: Utility x2 331 | -9/Materials | Core integrity fell below 50% 398 | -9/Materials | Destroyed 7 combat bots 404 | -9/Materials | Lost 8 parts (1p3n1u3w) 415 | -9/Materials | Core integrity fell below 20% 474 | -9/Materials | Discovered new exit (range 10) 477 | -9/Materials | Identified exit to Materials 481 | -9/Materials | Entered another Materials area 481 | -8/Materials | Evolved 2 slots: Propulsion x1, Utility x1 487 | -8/Materials | Garrison activated, responded to threat 521 | -8/Materials | Build established: Scavenger-Mutant 540 | -8/Materials | Discovered new exit (range 15) 545 | -8/Materials | Identified exit to Factory 559 | -8/Materials | Entered Factory 559 | -7/Factory | Evolved 2 slots: Power x1, Utility x1 652 | -7/Factory | Identified exit to Storage 652 | -7/Factory | Identified exit to Lower Caves 699 | -7/Factory | Repaired Flight Unit 770 | -7/Factory | Entered Storage 822 | -7/Storage | Garrison activated, responded to threat 905 | -7/Storage | Assisted by bots powering up and referring to "LRC-V3" 908 | -7/Storage | Lost 7 parts (1p3n1u2w) 945 | -7/Storage | Core integrity fell below 50% 959 | -7/Storage | Discovered new exit (range 16) 965 | -7/Storage | Entered Factory 965 | -6/Factory | Evolved 2 slots: Utility x2 979 | -6/Factory | Lost 10 allies 996 | -6/Factory | Lost 3 parts (2p1u) 1329 | -6/Factory | Lost 10 parts (2p4n2u2w) 1335 | -6/Factory | Sucked down chute 1335 | -6/Factory | Entered Waste 1350 | -6/Waste | EMP discharged 1358 | -6/Waste | Spotted C-40 Crusher 1369 | -6/Waste | Spotted C-40 Crusher 1379 | -6/Waste | Spotted C-40 Crusher 1388 | -6/Waste | Crushed by Compactor (1 part destroyed, 2 dropped) 1391 | -6/Waste | Crushed by Compactor (1 part destroyed, 2 dropped) 1394 | -6/Waste | Crushed by Compactor (1 part destroyed, 1 dropped) 1395 | -6/Waste | Core integrity fell below 50% 1399 | -6/Waste | Spotted C-40 Crusher 1416 | -6/Waste | Spotted C-40 Crusher 1416 | -6/Waste | Discovered new exit (range 10) 1420 | -6/Waste | Identified exit to Factory 1421 | -6/Waste | Entered Factory 1425 | -6/Factory | Lost 3 parts (1n2u) 1532 | -6/Factory | Core integrity fell below 20% 1586 | -6/Factory | Lost 4 parts (1n3u) 1664 | -6/Factory | Destroyed by Y-54 Guardian with Flak Gun Last Messages --------------- Derelicts that employ them. The plasma variant on the [Dragon] prototype is particularly worrisome. Feedback: System corruption (+1%). 01646_ ALERT: Suspicious activity at Terminal F002. Dispatching Investigation squad. 01650_ UFRSXAI0BJH>5HN#TQENTFN2:%ZKMZCAMX 01654_ G-50 Soldier suffers critical hit (Destroy). 01654_ G-50 Soldier destroyed. 01656_ Slug penetrates Wall. 01656_ Lgt. Nuclear Core destroyed. 01656_ Imp. Targeting Computer destroyed. 01656_ Critical hit (Blast). 01656_ Knocked back. 01658_ H-61 Shepherd calls for reinforcements. 01658_ ALERT: Hostile activity reported, dispatching reinforcements to area. 01662_ Y-54 Guardian suffers critical hit (Destroy). Map ----- +----------------------------------------------------+ | | | | | | | | | | | | | | | | | | | | | | | | | | | | | | | | | | | ?????????????????????????????????????????????##### | | ?????????????????????????????????????????????# | | ?????????????????????????????????????????????# """ | | ?????????????????????????????????????????????# """ | | ?????????????????????????????##############??# """ | | ?????????????????????????????# #??# | | ???????????????????????##????# #??# [ | | ????????????????????####;##### #??# * | | ????????????????????# % @ % + """ """ #??# | | ???????????????????#;Y ###### """ """ #??##### | | ???????????????? [H! ?????# """ """ ######## | | ?????????????# h ## ??????# # | | ?????????????###+???# ??????# """ / # """ "" | | ????????????????????# ???????# """ # """ "" | | ????????????????????# ???????# """ "T" # """ "" | | ????????????????????#????????# """ # | | ?????????????????????????????# ######## | | ????????????????????# ############+############# | | ???????????????????? # | | ???????????????????? # """ | | ???????????????????? # Y" | | ???????????????????? # """ | | ???????????????????? # | | ???????????????????? # | | ???????????????????? # """ | | ?????????????????????########### # """"" | | ???????????????????????????????# # """"" | | ???????????????????????????????### ### | | ?????????????????????????????????# #?# """ | | ?????????????????????????????????# #?# """"" | | ?????????????????????????????????# #?# """"" | | ?????????????????????????????????# #?#? | | ?????????????????????????????????# #??? | +----------------------------------------------------+ Best States ------------- Heat Dissipation 37 Energy Generation 31 Energy Capacity 960 Matter Stores 300 Matter Capacity 300 Sight Range 16 Robot Scan Range 16 Terrain Scan Density 10 Additional Mass Support 9 Armor Coverage 150 Evasion (%) 64 Targeting Accuracy 6 Item Schematics ----------------- Hyb. Fission Core | -6/Factory | Scanalyzed Robot Schematics ------------------ None Fabricated ------------ Nothing Alien Tech Used ----------------- None Achievements -------------- Troublemaker Challenges ------------ None Game ------ Seed GhostSingularitySource Manual? 0 Play Time 00:50:56 Cumulative 20.0 hours Start 2024.04.05 @ 13:28:08 End 2024.04.05 @ 14:29:09 Sessions 1 Manual Loads 0 Difficulty Rogue Special Mode None Game No. 52 Rogue 50 Adventurer 2 Explorer 0 Win Type - Total 0 Types 0/0/0/0/0/0/0/0/0 Lore% 17 Gallery% 23 Achievement% 20 Wizard Run 0 Options --------- Layout 1 ASCII 0 Keyboard 1 Movement Arrows Keybinds 0 Fullscreen 2 Font 24/Smallcaps Map View 50x35 Zoom Use 0% Tactical HUD 1 Map Filters NONE Filters NONE Steam 1 RUN: c33b6746-b3eb-4c15-8da0-bc51f19753e4